ITL
LOUISVILLE BATS @ BLUEVILLE 83'S
09/14/2028
 
TOP OF THE 1ST
Louisville Bats batting - Pitching for Blueville 83's : RHP Cody White
Pitching: RHP Cody White
Batting: LHB George Smith 0-0: Ball
1-0: Called Strike
1-1: Swinging Strike
1-2: Ball
2-2: Strikes out swinging
Batting: RHB William Farmer 0-0: Ball
1-0: Called Strike
1-1: Swinging Strike
1-2: Strikes out looking
Batting: RHB Eric Thompson 0-0: Called Strike
0-1: Foul Ball, location: 2F
0-2: Ball
1-2: Strikes out swinging
Top of the 1st over - 0 run(s), 0 hit(s), 0 error(s), 0 left on base; Louisville 0 - Blueville 0
BOTTOM OF THE 1ST
Blueville 83's batting - Pitching for Louisville Bats : RHP Carl Willis
Pitching: RHP Carl Willis
Batting: RHB Matt Perkins 0-0: Ground out 5-3 (Groundball, 56)
Batting: LHB Roberto Trujillo 0-0: Ball
1-0: Ball
2-0: Ball
3-0: Called Strike
3-1: Called Strike
3-2: Base on Balls
Batting: SHB Jack Fountain 0-0: Ball
1-0: Ball
2-0: Ball
3-0: Base on Balls
Roberto Trujillo to second
Batting: RHB Carlos Carrillo 0-0: Swinging Strike
0-1: SINGLE (Line Drive, 78M)
Roberto Trujillo to third
Jack Fountain to second
Runner from 3rd tries for Home, SAFE, throw made home
Jack Fountain to third
Carlos Carrillo to second
Batting: LHB Ricardo Romero 0-0: Called Strike
0-1: Foul Ball, location: 2F
0-2: Foul Ball, location: 2F
0-2: Fly out, F8 (Flyball, 78S)
Batting: RHB Yoshihide Takahashi 0-0: Ball
1-0: Ground out 6-3 (Groundball, 6M)
Bottom of the 1st over - 1 run(s), 1 hit(s), 0 error(s), 2 left on base; Louisville 0 - Blueville 1
TOP OF THE 2ND
Louisville Bats batting - Pitching for Blueville 83's : RHP Cody White
Batting: LHB Mike Callahan 0-0: Called Strike
0-1: Ball
1-1: Called Strike
1-2: Ball
2-2: Ball
3-2: Foul Ball, location: 2F
3-2: Base on Balls
Batting: RHB Enrico Ramos 0-0: Ball
1-0: Ball
2-0: Foul Ball, location: 2F
2-1: Called Strike
2-2: Strikes out swinging
Batting: LHB Alex Henderson 0-0: Ball
1-0: Ball
2-0: Swinging Strike
2-1: Ball
3-1: Base on Balls
Mike Callahan to second
Batting: RHB Luis Peña 0-0: Ball
1-0: Fielders Choice at 2nd, 6-4 (Groundball, 6)
Mike Callahan to third
Batting: RHB Kirk Powell 0-0: Ball
1-0: Called Strike
1-1: Ball
2-1: Ball
3-1: Base on Balls
Luis Peña to second
Batting: RHB Shawn Marshall 0-0: Ball
1-0: Ball
2-0: Called Strike
2-1: Called Strike
2-2: Strikes out looking
Top of the 2nd over - 0 run(s), 0 hit(s), 0 error(s), 3 left on base; Louisville 0 - Blueville 1
BOTTOM OF THE 2ND
Blueville 83's batting - Pitching for Louisville Bats : RHP Carl Willis
Batting: LHB Ron Robinson 0-0: SOLO HOME RUN (Flyball, 9D), Distance : 375 ft
Batting: LHB Vincente Sáenz 0-0: Called Strike
0-1: Fly out, F9 (Flyball, 89M)
Batting: RHB Fernando Díaz 0-0: Ball
1-0: Ball
2-0: Ball
3-0: Called Strike
3-1: Fly out, F8 (Flyball, 8LS)
Batting: RHB Matt Perkins 0-0: Ball
1-0: Fly out, F8 (Flyball, 8LXD)
Bottom of the 2nd over - 1 run(s), 1 hit(s), 0 error(s), 0 left on base; Louisville 0 - Blueville 2
TOP OF THE 3RD
Louisville Bats batting - Pitching for Blueville 83's : RHP Cody White
Batting: LHB George Smith 0-0: SINGLE (Line Drive, 34D)
Batting: RHB William Farmer 0-0: Fly out, F3 (Flyball, 3D)
Batting: RHB Eric Thompson 0-0: Called Strike
0-1: Ball
1-1: Ball
2-1: Ball
3-1: Base on Balls
George Smith to second
Batting: LHB Mike Callahan 0-0: Called Strike
0-1: Foul Ball, location: 2F
0-2: Fly out, F7 (Flyball, 7LS)
Batting: RHB Enrico Ramos 0-0: Ball
1-0: Called Strike
1-1: Ball
2-1: Foul Ball, location: 2F
2-2: Ball
3-2: Base on Balls
George Smith to third
Eric Thompson to second
Batting: LHB Alex Henderson 0-0: Called Strike
0-1: Ground out 4-3 (Groundball, 34D)
Top of the 3rd over - 0 run(s), 1 hit(s), 0 error(s), 3 left on base; Louisville 0 - Blueville 2
BOTTOM OF THE 3RD
Blueville 83's batting - Pitching for Louisville Bats : RHP Carl Willis
Batting: LHB Roberto Trujillo 0-0: Foul Ball, location: 2F
0-1: Swinging Strike
0-2: Ball
1-2: Ball
2-2: Ground out 4-3 (Groundball, 4)
Batting: SHB Jack Fountain 0-0: SINGLE (Flyball, 8LS)
Batting: RHB Carlos Carrillo 0-0: Ball
1-0: Swinging Strike
1-1: Swinging Strike
1-2: Ball
2-2: Strikes out looking
Batting: LHB Ricardo Romero 0-0: Called Strike
0-1: Ball
1-1: Ball
2-1: Foul Ball, location: 2F
2-2: Strikes out swinging
Bottom of the 3rd over - 0 run(s), 1 hit(s), 0 error(s), 1 left on base; Louisville 0 - Blueville 2
TOP OF THE 4TH
Louisville Bats batting - Pitching for Blueville 83's : RHP Cody White
Batting: RHB Luis Peña 0-0: Ball
1-0: Ball
2-0: Ball
3-0: Base on Balls
Batting: RHB Kirk Powell 0-0: Foul Ball, location: 2F
0-1: Ball
1-1: Foul Ball, location: 2F
1-2: Strikes out looking
Batting: RHB Shawn Marshall 0-0: Called Strike
0-1: Foul Ball, location: 2F
0-2: Ball
1-2: Ball
2-2: SINGLE (Groundball, 5D)
Luis Peña to second
Luis Peña to third
Batting: LHB George Smith 0-0: Ball
1-0: Grounds into double play, 4-6-3 (Groundball, 34)
Top of the 4th over - 0 run(s), 1 hit(s), 0 error(s), 1 left on base; Louisville 0 - Blueville 2
BOTTOM OF THE 4TH
Blueville 83's batting - Pitching for Louisville Bats : RHP Carl Willis
Batting: RHB Yoshihide Takahashi 0-0: Ball
1-0: Ball
2-0: Called Strike
2-1: Called Strike
2-2: Ball
3-2: Foul Ball, location: 2F
3-2: Fly out, F8 (Line Drive, 8LD)
Batting: LHB Ron Robinson 0-0: Called Strike
0-1: Ground out 4-3 (Groundball, 4)
Batting: LHB Vincente Sáenz 0-0: Foul Ball, location: 2F
0-1: Foul Ball, location: 2F
0-2: Ground out 1-3 (Groundball, 13S)
Bottom of the 4th over - 0 run(s), 0 hit(s), 0 error(s), 0 left on base; Louisville 0 - Blueville 2
TOP OF THE 5TH
Louisville Bats batting - Pitching for Blueville 83's : RHP Cody White
Batting: RHB William Farmer 0-0: Called Strike
0-1: Foul Ball, location: 2F
0-2: Ball
1-2: Ball
2-2: Foul Ball, location: 2F
2-2: Ball
3-2: Base on Balls
Batting: RHB Eric Thompson 0-0: Ball
1-0: Ball
2-0: Ball
3-0: Called Strike
3-1: Base on Balls
William Farmer to second
Pitching: LHP António Coronado
Batting: LHB Mike Callahan 0-0: Ball
1-0: Foul Ball, location: 2F
1-1: Ball
2-1: Swinging Strike
2-2: Ball
3-2: Foul Ball, location: 2F
3-2: Strikes out swinging
Batting: RHB Enrico Ramos 0-0: Ball
1-0: Ball
2-0: Foul Ball, location: 2F
2-1: Foul Ball, location: 2F
2-2: Ball
3-2: Fly out, F6 (Popup, 6)
Batting: LHB Alex Henderson 0-0: SINGLE (Groundball, 34S) (infield hit)
William Farmer to third
Eric Thompson to second
Batting: RHB Luis Peña 0-0: DOUBLE (Line Drive, 7LD)
William Farmer scores
Eric Thompson scores
Alex Henderson to third
Runner from 3rd tries for Home, SAFE, no throw
Batting: RHB Kirk Powell 0-0: Ball
1-0: Called Strike
1-1: Ball
2-1: Ball
3-1: Base on Balls
Luis Peña is caught stealing 3rd base
Top of the 5th over - 3 run(s), 2 hit(s), 0 error(s), 1 left on base; Louisville 3 - Blueville 2
BOTTOM OF THE 5TH
Blueville 83's batting - Pitching for Louisville Bats : RHP Carl Willis
Batting: RHB Fernando Díaz 0-0: Reached via error on a dropped throw, E1
Batting: RHB Matt Perkins 0-0: Ball
1-0: Ball
2-0: Foul Ball, location: 2F
2-1: Fly out, F5 (Popup, 5D)
Batting: LHB Roberto Trujillo 0-0: Called Strike
0-1: Grounds into double play, 1-6-3 (Groundball, 13S)
Bottom of the 5th over - 0 run(s), 0 hit(s), 1 error(s), 0 left on base; Louisville 3 - Blueville 2
TOP OF THE 6TH
Louisville Bats batting - Pitching for Blueville 83's : LHP António Coronado
Batting: RHB Shawn Marshall 0-0: Ground out 5-3 (Groundball, 56)
Batting: LHB George Smith 0-0: Ball
1-0: Swinging Strike
1-1: Ball
2-1: Called Strike
2-2: Foul Ball, location: 2F
2-2: Foul Ball, location: 2F
2-2: Strikes out swinging
Batting: RHB William Farmer 0-0: Foul Ball, location: 2F
0-1: Called Strike
0-2: Ball
1-2: Strikes out swinging
Top of the 6th over - 0 run(s), 0 hit(s), 0 error(s), 0 left on base; Louisville 3 - Blueville 2
BOTTOM OF THE 6TH
Blueville 83's batting - Pitching for Louisville Bats : RHP Carl Willis
Batting: SHB Jack Fountain 0-0: Ball
1-0: Foul Ball, location: 2F
1-1: Foul Ball, location: 2F
1-2: Ball
2-2: Foul Ball, location: 2F
2-2: Strikes out swinging
Batting: RHB Carlos Carrillo 0-0: Ball
1-0: Ball
2-0: Foul Ball, location: 2F
2-1: SINGLE (Groundball, 6MD)
Batting: LHB Ricardo Romero 0-0: Ball
1-0: Ball
2-0: Foul Ball, location: 2F
2-1: Foul Ball, location: 2F
2-2: Ball
3-2: Base on Balls
Carlos Carrillo to second
Batting: RHB Yoshihide Takahashi 0-0: Ball
1-0: Ball
2-0: Called Strike
2-1: Swinging Strike
2-2: Strikes out looking
Batting: LHB Ron Robinson 0-0: Foul Ball, location: 2F
0-1: Ball
1-1: Ball
2-1: Fielders Choice at 2nd, 6-4 (Groundball, 6)
Bottom of the 6th over - 0 run(s), 1 hit(s), 0 error(s), 1 left on base; Louisville 3 - Blueville 2
TOP OF THE 7TH
Louisville Bats batting - Pitching for Blueville 83's : LHP António Coronado
Batting: RHB Eric Thompson 0-0: Ball
1-0: Ground out 5-3 (Groundball, 56)
Batting: LHB Mike Callahan 0-0: Called Strike
0-1: Called Strike
0-2: Strikes out swinging
Pitching: RHP Drake Williams
Batting: RHB Enrico Ramos 0-0: Ball
1-0: Called Strike
1-1: Ground out 6-3 (Groundball, 6M)
Top of the 7th over - 0 run(s), 0 hit(s), 0 error(s), 0 left on base; Louisville 3 - Blueville 2
BOTTOM OF THE 7TH
Blueville 83's batting - Pitching for Louisville Bats : RHP Carl Willis
Batting: LHB Vincente Sáenz 0-0: Fly out, F8 (Flyball, 8RM)
Batting: RHB Fernando Díaz 0-0: Ball
1-0: Called Strike
1-1: Swinging Strike
1-2: Foul Ball, location: 2F
1-2: Foul Ball, location: 2F
1-2: Strikes out looking
Batting: RHB Matt Perkins 0-0: Called Strike
0-1: Ball
1-1: Ball
2-1: Foul Ball, location: 2F
2-2: Fly out, F8 (Flyball, 89M)
Bottom of the 7th over - 0 run(s), 0 hit(s), 0 error(s), 0 left on base; Louisville 3 - Blueville 2
TOP OF THE 8TH
Louisville Bats batting - Pitching for Blueville 83's : RHP Drake Williams
Batting: LHB Alex Henderson 0-0: Swinging Strike
0-1: Ball
1-1: Ball
2-1: Called Strike
2-2: Strikes out looking
Batting: RHB Luis Peña 0-0: Foul Ball, location: 2F
0-1: Ball
1-1: Ball
2-1: Ball
3-1: Foul Ball, location: 2F
3-2: Strikes out swinging
Batting: RHB Kirk Powell 0-0: Reached on error, E5 (Groundball, 5)
Pinch Hitting: LHB Jeff Forsyth 0-0: Called Strike
0-1: Ball
1-1: Ball
2-1: Ball
3-1: Base on Balls
Batting: LHB George Smith 0-0: Called Strike
0-1: Ball
1-1: Foul Ball, location: 2F
1-2: Fielders Choice at 2nd, 4-6 (Groundball, 4)
Top of the 8th over - 0 run(s), 0 hit(s), 1 error(s), 1 left on base; Louisville 3 - Blueville 2
BOTTOM OF THE 8TH
Blueville 83's batting - Pitching for Louisville Bats : RHP Carl Willis
Pitching: LHP Denny Welch
Now at 2B: Don Soper
Batting: LHB Roberto Trujillo 0-0: Ball
1-0: Ball
2-0: Ground out 3-1 (Groundball, 34)
Pitching: RHP Manny Canseco
Batting: SHB Jack Fountain 0-0: Called Strike
0-1: Swinging Strike
0-2: Ball
1-2: Ball
2-2: Strikes out looking
Batting: RHB Carlos Carrillo 0-0: Swinging Strike
0-1: Called Strike
0-2: Ball
1-2: Strikes out swinging
Bottom of the 8th over - 0 run(s), 0 hit(s), 0 error(s), 0 left on base; Louisville 3 - Blueville 2
TOP OF THE 9TH
Louisville Bats batting - Pitching for Blueville 83's : RHP Drake Williams
Batting: RHB William Farmer 0-0: Swinging Strike
0-1: Called Strike
0-2: Ball
1-2: Fly out, F9 (Flyball, 9S)
Batting: RHB Eric Thompson 0-0: Foul Ball, location: 2F
0-1: Ball
1-1: Swinging Strike
1-2: Foul Ball, location: 2F
1-2: Foul Ball, location: 2F
1-2: Ball
2-2: Ground out 1-3 (Groundball, P)
Batting: LHB Mike Callahan 0-0: Ball
1-0: Ball
2-0: Ground out 4-3 (Groundball, 4MD)
Top of the 9th over - 0 run(s), 0 hit(s), 0 error(s), 0 left on base; Louisville 3 - Blueville 2
BOTTOM OF THE 9TH
Blueville 83's batting - Pitching for Louisville Bats : RHP Manny Canseco
Pitching: RHP John Thompson
Batting: LHB Ricardo Romero 0-0: Called Strike
0-1: Ball
1-1: Swinging Strike
1-2: Ground out 6-3 (Groundball, 6M)
Batting: RHB Yoshihide Takahashi 0-0: Fly out, F8 (Flyball, 78XD)
Now in CF: Bruce Brooks
Batting: LHB Ron Robinson 0-0: Ball
1-0: Ground out 3-1 (Groundball, 34)
Bottom of the 9th over - 0 run(s), 0 hit(s), 0 error(s), 0 left on base; Louisville 3 - Blueville 2
Tuesday, August 8th, 2017 - OOTP Baseball 17.12 Build 75